 Dungeon Crawl Stone Soup version 0.16.1-17-g773cdaf (webtiles) character file.

684 jacksonaction the Changer (level 7, -2/43 HPs)
             Began as an Octopode Transmuter on Apr 22, 2015.
             Slain by a phantom (7 damage)
             ... on level 6 of the Dungeon.
             The game lasted 00:45:10 (6953 turns).

jacksonaction the Changer (Octopode Transmuter)     Turns: 6953, Time: 00:45:10

Health: -2/43      AC:  1    Str: 10    XL:     7   Next: 62%
Magic:  15/15      EV: 12    Int: 18    God:
Gold:   262        SH:  0    Dex: 13    Spells: 3 memorised, 4 levels left

rFire  . . .     SeeInvis .     a - +7 glaive of Bankruptcy {pain, Int+2}
rCold  . . .     Clarity  .     (no shield)
rNeg   . . .     SustAb   +     (helmet restricted)
rPois  .         Gourm    .     v - amulet of stasis
rElec  .         Spirit   .     (no ring)
rCorr  .         Warding  .     m - ring of sustain abilities
rMut   .         Stasis   +     (no ring)
MR     .....                    (no ring)
Stlth  ++........               (no ring)
                                (no ring)
                                (no ring)
                                (no ring)

@: not resistant to hostile enchantments, unstealthy
A: almost no armour, amphibious, 8 rings, constrict 8, camouflage 1, gelatinous
body 1
a: no special abilities


You were on level 6 of the Dungeon.
You were not hungry.

You visited 2 branches of the dungeon, and saw 7 of its levels.

You collected 262 gold pieces.

Inventory:

Hand weapons
 a - the +7 glaive of Bankruptcy (weapon) {pain, Int+2}
   (You found it on level 4 of the Dungeon)

   In the hands of one skilled in necromantic magic, it inflicts extra damage on
   living creatures.
   It affects your intelligence (+2).
 b - a +0 blowgun
Missiles
 c - 76 poisoned needles
 e - a tomahawk (quivered)
Jewellery
 m - a ring of sustain abilities (right tentacle)
 v - an amulet of stasis (around mantle)
Magical devices
 u - a wand of disintegration (16)
 I - a wand of slowing (38)
Scrolls
 g - 4 scrolls of random uselessness {unknown}
 i - a scroll of immolation {unknown}
 k - a scroll of amnesia {unknown}
 o - 3 scrolls of fear {unknown}
 r - 2 scrolls of enchant weapon {unknown}
 s - 2 scrolls of identify {unknown}
 w - 2 scrolls of remove curse
 z - 2 scrolls of fog {unknown}
 D - a scroll of magic mapping {unknown}
 F - 2 scrolls of teleportation {unknown}
 H - a scroll of recharging {unknown}
Potions
 f - a potion of agility {unknown}
 h - 2 potions of lignification {unknown}
 p - 3 potions of haste {unknown}
 q - a potion of cancellation {unknown}
 x - a potion of brilliance {unknown}
 G - a potion of restore abilities {unknown}
Books
 d - a book of Changes

   Spells                             Type                      Level
   a - Beastly Appendage              Transmutation                1
   b - Sticks to Snakes               Transmutation                2
   c - Spider Form                    Transmutation/Poison         3
   d - Ice Form                       Ice/Transmutation            4
   e - Blade Hands                    Transmutation                5
 y - a book of Maledictions

   Spells                             Type                      Level
   a - Corona                         Hexes                        1
   b - Sure Blade                     Hexes/Charms                 2
   c - Ensorcelled Hibernation        Hexes/Ice                    2
   d - Confuse                        Hexes                        3
   e - Dazzling Spray                 Conjuration/Hexes            3
   f - Enslavement                    Hexes                        4
 A - Kikubaaqudgha's Disquisition on Dark Arts
   (You found it on level 3 of the Dungeon)

   Spells                             Type                      Level
   a - Pain                           Necromancy                   1
 B - Vehumet's Incunabulum of Confrontation
   (You found it on level 3 of the Dungeon)

   Spells                             Type                      Level
   a - Magic Dart                     Conjuration                  1
 C - Sif Muna's Volume of the Voyage
   (You found it on level 3 of the Dungeon)

   Spells                             Type                      Level
   a - Apportation                    Translocation                1
Miscellaneous
 t - a plain deck of changes
Comestibles
 j - a chunk of flesh
 l - 9 meat rations
 n - a fruit
 E - 3 bread rations


   Skills:
 - Level 1.0 Fighting
 - Level 2.0 Dodging
 - Level 3.0 Unarmed Combat
 - Level 3.4 Spellcasting
 + Level 7.2 Transmutations
 - Level 2.1 Ice Magic


You had 4 spell levels left.
You knew the following spells:

 Your Spells              Type           Power        Failure   Level  Hunger
a - Beastly Appendage     Trmt           ####..       1%          1    None
b - Spider Form           Trmt/Pois      ###.......   12%         3    ###....
c - Ice Form              Ice/Trmt       ###.....     24%         4    ####...


Dungeon Overview and Level Annotations

Branches:
Dungeon (6/15)             Temple (1/1) D:5

Altars:
Ashenzari
Fedhas
Kikubaaqudgha
Makhleb
Nemelex Xobeh
Okawaru
Qazlal
Ru
Sif Muna
Trog
Vehumet
Xom
Yredelemnul
The Shining One

Shops:
D:4 %

Annotations:
D:4 Archous' ghost, experienced TrMo


Innate Abilities, Weirdness & Mutations

You cannot wear most types of armour.
You are amphibious.
You can wear up to eight rings at the same time.
You can use your tentacles to constrict many enemies at once.
Your skin changes colour to match your surroundings (Stealth).
Your rubbery body absorbs attacks (AC +1).


Message History

a trident; an orc corpse You barely miss the crimson imp.
Your grab misses the crimson imp.
The sky beast flickers out of sight!
Deactivating autopickup; reactivate with Ctrl-A.
The crimson imp blinks!
Something hits the ballistomycete but does no damage.
Something hits the ballistomycete.
Something hits the ballistomycete.
The crimson imp blinks!
The crimson imp hits you.
* * * LOW HITPOINT WARNING * * *
The kobold closely misses you.
The crimson imp hits you but does no damage.
A sky beast appears from thin air!
Reactivating autopickup.
The phantom blinks!
The crimson imp puffs mist at you. The crimson imp closely misses you.
The phantom hits you!
You die...

##.....#####..
###########.............
#...............W...##..
#......................#
#...............((().(..
#..........####.###(..>(
#..........# #.)##.##.)
#..........#####.##....#
###...>@W5Y.......P((..#
#.....K.....###.P###P#
#..........## #..# #o.
#..........# #..# #..
#..........# ##..# #..
#..........###...# #.(
#................###..
#..........###........
#..........# #........


You could see a phantom, a sky beast, a crimson imp and a kobold.

Vanquished Creatures
  A sky beast (D:5)
  A scorpion (D:4)
  A crimson imp (D:5)
  An orc priest (D:4)
  An iguana (D:5)
  An orc wizard (D:5)
  4 worker ants (D:4)
  A mummy (D:4)
  A worker ant zombie (D:5)
  7 adders
  2 giant mites
  A shadow imp (D:5)
  6 worms
  2 adder skeletons (D:4)
  An ooze (D:2)
  20 orcs
  5 giant cockroaches
  16 hobgoblins
  7 quokkas
  A ball python (D:3)
  14 bats
  A giant cockroach zombie (D:5)
  6 giant geckos
  3 giant newts
  9 goblins
  14 jackals
  20 kobolds
  2 kobold zombies (D:4)
  2 orc zombies (D:4)
  A quokka skeleton (D:4)
  12 rats
164 creatures vanquished.

Vanquished Creatures (others)
  A giant spore (D:6)
  A ballistomycete (D:6)
2 creatures vanquished.

Grand Total: 166 creatures vanquished

Notes
Turn   | Place    | Note
--------------------------------------------------------------
     0 | D:1      | jacksonaction, the Octopode Transmuter, began the quest for the Orb.
     0 | D:1      | Reached XP level 1. HP: 13/13 MP: 3/3
   269 | D:1      | Reached XP level 2. HP: 13/18 MP: 4/4
   818 | D:1      | Reached XP level 3. HP: 23/23 MP: 6/6
   823 | D:1      | Learned a level 3 spell: Spider Form
  1389 | D:2      | Reached skill level 4 in Transmutations
  1540 | D:2      | Reached XP level 4. HP: 26/28 MP: 1/7
  2185 | D:2      | Reached skill level 5 in Transmutations
  2224 | D:2      | Reached XP level 5. HP: 30/33 MP: 3/9
  2643 | D:3      | Found a sparkling altar of Nemelex Xobeh.
  2754 | D:3      | Learned a level 4 spell: Ice Form
  2983 | D:3      | Reached skill level 1 in Ice Magic
  3103 | D:3      | Found an ancient bone altar of Kikubaaqudgha.
  3111 | D:3      | Identified Kikubaaqudgha's Disquisition on Dark Arts
  3115 | D:3      | Found a radiant altar of Vehumet.
  3119 | D:3      | Identified Vehumet's Incunabulum of Confrontation
  3123 | D:3      | Found a deep blue altar of Sif Muna.
  3127 | D:3      | Identified Sif Muna's Volume of the Voyage
  3578 | D:4      | Found a sacrificial altar of Ru.
  3607 | D:4      | Noticed Archous' ghost (experienced TrMo)
  3761 | D:4      | Reached XP level 6. HP: 38/38 MP: 10/10
  3860 | D:4      | Reached skill level 6 in Transmutations
  4052 | D:4      | Got a crude glaive
  4053 | D:4      | Identified the +7 glaive of Bankruptcy {pain, Int+2} (You found it on level 4 of the Dungeon)
  4116 | D:4      | Found Pasa's Food Shop.
  4784 | D:5      | Entered Level 5 of the Dungeon
  4787 | D:5      | Reached XP level 7. HP: 43/43 MP: 12/12
  5117 | D:5      | Found an iron altar of Okawaru.
  5485 | D:5      | Found a staircase to the Ecumenical Temple.
  5491 | Temple   | Entered the Ecumenical Temple
  6574 | D:5      | Reached skill level 7 in Transmutations
  6953 | D:6      | Slain by a phantom

Action                   |  1- 3 |  4- 6 |  7- 9 || total
-------------------------+-------+-------+-------++-------
Melee: Unarmed           |   110 |   176 |     3 ||   289
       Glaive            |       |    18 |    49 ||    67
 Fire: Blowgun           |       |    21 |    34 ||    55
Throw: Tomahawk          |     4 |    46 |    24 ||    74
 Cast: Beastly Appendage |     3 |       |       ||     3
       Spider Form       |     1 |    17 |     1 ||    19
  Use: Potion            |       |     1 |     2 ||     3
       Scroll            |       |     2 |     1 ||     3
 Stab: Sleeping          |     4 |    14 |     4 ||    22
  Eat: Chunk             |     2 |    12 |     7 ||    21
       Fruit             |       |       |     1 ||     1
